 Dungeon Crawl Stone Soup version 0.31.0-12-g77e489cdc1 (webtiles) character file.

Game seed: 276632773890960376

6414 Amplified the Apothecary (level 10, -3/118 HPs)
             Began as a Demonspawn Wanderer on Mar 7, 2024.
             Was a Follower of Sif Muna.
             Slain by Fannar
             ... wielding a staff of cold
              (12 damage)
             ... on level 10 of the Dungeon.
             The game lasted 00:18:12 (10754 turns).

Amplified the Apothecary (Demonspawn Wanderer)     Turns: 10754, Time: 00:18:12

Health: -3/118     AC: 10    Str: 12    XL:     10   Next: 66%
Magic:  23/31      EV: 10    Int: 26    God:    Sif Muna [*.....]
Gold:   492        SH:  6    Dex:  8    Spells: 3/23 levels left

rFire   . . .        e - staff "Bedaxin" {rPois rN+ MP+9 Int+3 Dex-5 Alchemy}
rCold   . . .        (no shield)
rNeg    + . .        q - +0 swamp dragon scales
rPois   +            (no helmet)
rElec   .            k - +0 cloak
rCorr   .            f - +0 pair of gloves
SInv    .            d - +0 pair of boots
Will    .....        (no amulet) Stlth
                     o - +6 ring of intelligence
HPRegen 0.39/turn    (no ring)
MPRegen 0.22/turn

%: no passive effects
@: berserking, very slightly contaminated, very quick
A: large bone plates 2, demonic guardian 1, demonic touch 2, high MP 1
a: Renounce Religion, Channel Magic


You were on level 10 of the Dungeon.
You worshipped Sif Muna.
Sif Muna was aware of your devotion.
You visited 2 branches of the dungeon, and saw 12 of its levels.

You collected 492 gold pieces.

Inventory:

Hand Weapons
 a - a +1 vampiric dagger
Armour
 c - a +0 robe
 d - a +0 pair of boots (worn)
 f - a +0 pair of gloves (worn)
 k - a +0 cloak (worn)
 q - +0 swamp dragon scales (worn)
Magical Staves
 e - the staff "Bedaxin" (weapon) {rPois rN+ MP+9 Int+3 Dex-5 Alchemy}
   (You acquired it on level 1 of the Dungeon)

   [staff of alchemy]

   Base accuracy: +5 Base damage: 5 Base attack delay: 1.2 This weapon's minimum
   attack delay (0.6) is reached at skill level 12.
   Int+3:     It affects your intelligence (+3).
   Dex-5:     It affects your dexterity (-5).
   rPois:     It protects you from poison rN+: It protects you from negative
   energy.
   MP+9:      It affects your magic capacity (+9).
   Alchemy:   It increases the power of your Alchemy spells.
   It falls into the 'Staves' category.
   It is a one-handed weapon.
Jewellery
 o - a +6 ring of intelligence (left hand)
Wands
 g - a wand of polymorph (13)
 i - a wand of charming (7)
 n - a wand of iceblast (8)
Scrolls
 b - 3 scrolls of vulnerability
 l - 3 scrolls of fog
 p - a scroll of immolation
 r - a scroll of brand weapon
 s - 2 scrolls of butterflies
Potions
 h - 3 potions of attraction
 m - 2 potions of magic


   Skills:
 * Level 7.0 Fighting
 * Level 6.2 Staves
 - Level 1.0 Stealth
 * Level 7.2 Spellcasting
 - Level 2.8 Earth Magic
 * Level 7.3 Alchemy
 * Level 5.6 Invocations
 * Level 6.7 Evocations


You had 3 spell levels left.
You knew the following spells:

 Your Spells              Type           Power      Damage    Failure   Level
a - Sting                 Conj/Alch      100%       1d9       3%          1
b - Mephitic Cloud        Conj/Alch/Air  33%        N/A       16%         3
c - Yara's Violent Unrav  Hex/Alch       21%        3d10      65%         5
d - Alistair's Intoxicat  Alch           42%        N/A       19%         5
e - Eringya's Noxious Bo  Alch           31%        4d6       71%         6

Your spell library contained the following spells:

 Spells                   Type           Power      Damage    Failure   Level
 Sandblast                Erth           48%        2d12      4%          1
 Tukima's Dance           Hex            9%         N/A       38%         3
 Animate Armour           Summ/Erth      32%        N/A       61%         4
 Brom's Barrelling Bould  Conj/Erth      16%        2d4       61%         4
 Animate Dead             Necr           9%         N/A       80%         4
 Passage of Golubria      Tloc           9%         N/A       80%         4
 Vhi's Electric Charge    Tloc/Air       18%        N/A       80%         4
 Borgnjor's Vile Clutch   Necr/Erth      8%         N/A       91%         5
 Arcjolt                  Conj/Air       4%         1d14      98%         5
 Fireball                 Conj/Fire      4%         3d4       98%         5
 Iskenderun's Battlesphe  Conj           9%         2d6       98%         5
 Conjure Ball Lightning   Conj/Air       4%         3x3d6     100%        6
 Death Channel            Necr           4%         N/A       100%        6
 Plasma Beam              Fire/Air       4%         2x1d14    100%        6
 Orb of Destruction       Conj           4%         9d5       100%        7


Dungeon Overview and Level Annotations

Branches:
Dungeon (11/15)            Temple (1/1) D:7             Orc (0/2) D:11
   Lair: D:8-11

Altars:
Ashenzari
Cheibriados
Dithmenos
Fedhas
Gozag
Hepliaklqana
Kikubaaqudgha
Makhleb
Nemelex Xobeh
Okawaru
Qazlal
Ru
Sif Muna
Trog
Uskayaw
Vehumet
Wu Jian
Xom
Yredelemnul

Shops:
D:8 (   D:11 (

Annotations:
D:9 2 transporters
D:10 Fannar


Innate Abilities, Weirdness & Mutations

You are mostly covered in large bone plates. (SH +6)
A weak demonic guardian rushes to your aid.
Your touch may inflict irresistible damage on your foes.
You have an increased reservoir of magic. (+10% MP)


Message History

It was a potion of mutation.
You feel extremely strange.
You feel more energetic. Fannar hits you but does no damage.
Fannar freezes you!
Okay, then.
Casting: Mephitic Cloud (dangerous; 16% risk of failure)
Confirm with . or Enter, or press ? or * to list all spells.
Okay, then.
Casting: Mephitic Cloud (dangerous; 16% risk of failure)
Confirm with . or Enter, or press ? or * to list all spells.
Aiming: Mephitic Cloud (dangerous; 16% risk of failure)
Press: ? - help, Shift-Dir - straight line, f - Fannar
Aim: Fannar, wielding a staff of cold and wearing a +2 robe of cold resistance (lightly wounded, very poisoned, chance to affect: 53%)
You feel a surge of power!
You miscast Mephitic Cloud.
You are very lightly contaminated with residual magic.
Nothing appears to happen.
Fannar hits you but does no damage. Fannar freezes you!
* * * LOW HITPOINT WARNING * * *
A demonic guardian appears!
Unknown command.
It was a potion of berserk rage.
A red film seems to cover your vision as you go berserk!
You feel yourself moving faster!
You feel mighty! Fannar hits you but does no damage. Fannar freezes you!
* * * LOW HITPOINT WARNING * * *
Your ufetubus completely misses Fannar. x2
You miss Fannar. Your punch misses Fannar.
Fannar is lightly wounded.
You block Fannar's attack.
Your ufetubus closely misses Fannar. x2
Unknown command.
You closely miss Fannar. Your touch misses Fannar.
Fannar is moderately wounded.
Unknown command.
You miss Fannar.
Fannar is moderately wounded.
Your ufetubus slips past Fannar!
Your ufetubus hits Fannar but does no damage.
Your ufetubus completely misses Fannar.
Fannar mumbles some strange words.
Fannar drains the heat from the surrounding environment!
You die...

# ### ###### #..
#....# #.# #....# #.#
#....# #.# #.5..# #)#
#####.e..###########.#
#..[.@................
#.###....#######.#.#.#
#...###.## #.#....
############.#
#.########.###.#
#............#
#...............
#............#
##########.#####
#............# #.....#
#............###
#####.#
#....[.........# #.#


You could see Fannar (poisoned, ally target) and a friendly ufetubus (summoned).

Vanquished Creatures
  Sonja (D:10)
  Maggie (D:6)
  A gargoyle (D:10)
  A troll (D:10)
  A hornet (D:9)
  A vampire (D:9)
  A wraith (D:10)
  3 yaks (D:10)
  A steam dragon (D:7)
  Edmund (D:6)
  Menkaure (D:6)
  A water moccasin (D:6)
  2 ice beasts
  3 sky beasts (D:6)
  A black bear (D:8)
  4 orc warriors
  A centaur (D:9)
  A kobold brigand (D:9)
  4 bullfrogs
  4 scorpions
  7 wights (D:7)
  6 killer bees (D:10)
  5 howler monkeys
  4 hounds
  2 bombardier beetles
  A jelly (D:8)
  2 orc priests
  A gnoll bouda (D:8)
  Jessica (D:3)
  Terence (D:3)
  13 orc wizards
  12 gnolls
  6 adders
  A shadow imp (D:6)
  A white imp (D:7)
  2 ufetubi (D:6)
  2 ribbon worms (D:2)
  3 dart slugs
  41 orcs
  3 bats
  9 endoplasms
  4 giant cockroaches
  4 goblins
  5 hobgoblins
  4 jackals (D:2)
  2 quokkas
  9 ball pythons
  5 frilled lizards
  10 kobolds
  4 rats
  A spectral kobold (D:6)
205 creatures vanquished.

Vanquished Creatures (collateral kills)
  An acid dragon (D:8)
  A wight (D:7)
  An orc priest (D:6)
3 creatures vanquished.

Vanquished Creatures (others)
  A wight (D:7)
  An orc wizard (D:10)
2 creatures vanquished.

Grand Total: 210 creatures vanquished

Notes
Turn   | Place    | Note
-------+----------+-------------------------------------------
     0 | D:1      | Amplified the Demonspawn Wanderer began the quest for the
                  | Orb.
     0 | D:1      | Amplified set off with the following items: a +0 dagger, a
                  | scroll of vulnerability, a +0 robe, a +0 pair of boots; and
                  | the following spells available to memorise: Sandblast,
                  | Sting, Mephitic Cloud, Animate Armour, Brom's Barrelling
                  | Boulder.
     0 | D:1      | Reached XP level 1. HP: 15/15 MP: 4/4
     6 | D:1      | Noticed a redback
     6 | D:1      | Noticed a black bear
     6 | D:1      | Noticed a crocodile
     7 | D:1      | Noticed an anaconda
     7 | D:1      | Noticed a lindwurm
    47 | D:1      | Learned a level 1 spell: Sting
   144 | D:1      | Identified a scroll of acquirement
   144 | D:1      | Acquired the staff "Bedaxin" {rPois rN+ MP+9 Int+3 Dex-5
                  | Alchemy}
   251 | D:1      | Gained mutation: Your touch may inflict minor irresistible
                  | damage on your foes. [demonic ancestry]
   251 | D:1      | Reached XP level 2. HP: 20/21 MP: 6/6
   588 | D:1      | Found a faded altar of an unknown god.
   822 | D:2      | Gained mutation: You are partially covered in large bone
                  | plates. (SH +4) [demonic ancestry]
   822 | D:2      | Reached XP level 3. HP: 26/26 MP: 7/7
  1009 | D:2      | Reached skill level 1 in Staves
  1054 | D:2      | Reached skill level 1 in Evocations
  1208 | D:2      | Reached XP level 4. HP: 31/33 MP: 9/9
  2126 | D:3      | Noticed Terence
  2138 | D:3      | Killed Terence
  2221 | D:3      | Noticed Jessica
  2224 | D:3      | Killed Jessica
  2225 | D:3      | Gained mutation: You are mostly covered in large bone
                  | plates. (SH +6) [demonic ancestry]
  2225 | D:3      | Reached XP level 5. HP: 39/39 MP: 10/10
  2503 | D:4      | Learned a level 3 spell: Mephitic Cloud
  2652 | D:4      | Reached XP level 6. HP: 35/46 MP: 11/11
  2827 | D:5      | Entered Level 5 of the Dungeon
  3490 | D:4      | Found a bloodstained altar of Trog.
  4049 | D:5      | Learned a level 5 spell: Yara's Violent Unravelling
  4144 | D:5      | Gained mutation: A weak demonic guardian rushes to your
                  | aid. [demonic ancestry]
  4144 | D:5      | Reached XP level 7. HP: 48/52 MP: 13/13
  4480 | D:6      | Noticed Menkaure
  4485 | D:6      | Killed Menkaure
  4583 | D:6      | Noticed Maggie
  4808 | D:6      | Killed Maggie
  4809 | D:6      | Reached skill level 5 in Spellcasting
  4809 | D:6      | Reached XP level 8. HP: 61/61 MP: 15/15
  5229 | D:6      | Found a stormy altar of Qazlal.
  5272 | D:6      | Reached skill level 5 in Alchemy
  5409 | D:6      | Found a hazy altar of Hepliaklqana.
  5743 | D:6      | Noticed Edmund
  5751 | D:6      | Killed Edmund
  5752 | D:6      | Reached skill level 5 in Fighting
  6027 | D:7      | Gained mutation: Your touch may inflict irresistible damage
                  | on your foes. [demonic ancestry]
  6027 | D:7      | Reached XP level 9. HP: 68/68 MP: 17/17
  6098 | D:7      | Found a staircase to the Ecumenical Temple.
  6103 | D:7      | Reached skill level 5 in Evocations
  6108 | Temple   | Entered the Ecumenical Temple
  6124 | Temple   | Became a worshipper of Sif Muna the Loreminder
  6265 | D:7      | Reached skill level 1 in Invocations
  6750 | D:7      | Found an ancient bone altar of Kikubaaqudgha.
  6789 | D:7      | Reached skill level 5 in Staves
  7360 | D:8      | Found Bayta's Antique Weapon Shop.
  7885 | D:8      | Noticed a red ugly thing
  8429 | D:9      | Found a transporter.
  8433 | D:9      | Noticed a fire dragon
  8433 | D:9      | Noticed a centaur warrior
  8443 | D:9      | Noticed a centaur warrior
  8443 | D:9      | Noticed a centaur warrior
  8639 | D:9      | Reached * piety under Sif Muna
  8771 | D:9      | Found a transporter.
  8864 | D:9      | Reached XP level 10. HP: 75/76 MP: 19/19
  9197 | D:10     | Entered Level 10 of the Dungeon
  9212 | D:10     | Learned a level 5 spell: Alistair's Intoxication
  9461 | D:10     | Noticed a gargoyle
  9758 | D:10     | Found an opulent altar of Gozag.
  9758 | D:10     | Found a sparkling altar of Nemelex Xobeh.
  9796 | D:10     | Learned a level 6 spell: Eringya's Noxious Bog
  9819 | D:10     | Noticed Sonja
  9825 | D:10     | Killed Sonja
  9852 | D:10     | Reached skill level 5 in Invocations
 10498 | D:10     | Killed a gargoyle
 10538 | D:11     | Noticed an orc knight
 10538 | D:11     | Found Xezirari's Weapon Emporium.
 10538 | D:11     | Found a staircase to the Orcish Mines.
 10738 | D:11     | Noticed Fannar
 10749 | D:10     | Gained mutation: You have an increased reservoir of magic.
                  | (+10% MP) [potion of mutation]
 10754 | D:10     | Slain by Fannar

Illustrated notes

Levels and vault maps discovered:
D:1:      onia_arrival_zoo_common, layout_rooms,
          shapermc_ecumenical_altar_mp_vishouse
D:2:      layout_basic
D:3:      layout_loops_corners, minmay_gold_behind_fungi, uniq_jessica,
          uniq_terence
D:4:      layout_cave_pods, overflow_temple_1_default
D:5:      layout_rooms, kennysheep_little_box,
          mainiacjoe_overflow_surrounded_room
D:6:      layout_basic, nicolae_qazlal_beasts_of_the_sky,
          nicolae_hepliaklqana_monster_ancestors, uniq_menkaure, uniq_maggie,
          uniq_edmund
D:7:      layout_loops_ring, nicolae_kikubaaqudgha_miasma_corner,
          minmay_temple_entry_arrows, wad_floor_pattern_untrapped,
          kennysheep_doodads
D:8:      layout_loops_corners, serial_shops, shop, grunt_decor_resistance,
          kennysheep_just_a_vault
D:9:      gammafunk_sealed_arena, layout_basic
D:10:     layout_basic, grunt_temple_overflow_opulence, uniq_sonja
D:11:     layout_big_octagon, erik_lair_island, orc_david_3,
          ebering_ghost_inner_flame, uniq_fannar, uniq_erolcha
Temple:   eino_temple_lava

Skill      XL: |  1  2  3  4  5  6  7  8  9 10 |
---------------+-------------------------------+-----
Staves         | 1 2 3 4 5 6 |  6.2
Evocations     | 1 2 4 6 |  6.7
Fighting       | 2 3 4 5 6 7 |  7.0
Alchemy        | 3 4 5 6 7 |  7.3
Spellcasting   | 4 5 6 7 |  7.2
Invocations    | 3 5 |  5.6
Stealth        | |  1.0
Earth Magic    | |  2.8

Action                     |  1- 3 |  4- 6 |  7- 9 | 10-12 || total
---------------------------+-------+-------+-------+-------++-------
  Melee: Dagger            |    22 |       |       |       ||    22
         Staff             |    59 |   121 |   270 |   108 ||   558
         Punch             |     1 |       |     2 |     1 ||     4
         Touch             |    11 |    20 |    40 |    15 ||    86
         Unarmed           |       |       |     6 |       ||     6
   Cast: Sting             |    29 |    68 |   102 |    24 ||   223
         Mephitic Cloud    |       |       |     4 |     5 ||     9
  Evoke: Wand              |       |       |    15 |     2 ||    17
    Use: Scroll            |     5 |     2 |     7 |     2 ||    16
         Potion            |     2 |     1 |     9 |     3 ||    15
   Stab: Sleeping          |       |     1 |       |       ||     1
         Confused          |       |       |     3 |     2 ||     5
 Armour: Robe              |    61 |   112 |    35 |       ||   208
         Swamp dragon scal |       |       |   205 |    97 ||   302
         Skin              |       |       |     1 |       ||     1
  Dodge: Dodged            |    60 |    69 |   136 |    42 ||   307
  Block: Other             |     6 |    32 |    77 |    33 ||   148
